 Dungeon Crawl Stone Soup version 0.29-a0-337-g68df138881 (webtiles) character file.

Game seed: 3594834476516581491

1684 zishaf the Skirmisher (level 8, 0/67 HPs)
             Began as a Mummy Necromancer on Apr 16, 2022.
             Was a Priest of Wu Jian.
             Killed by divine providence
             ... invoked by an orc priest
              (15 damage)
             ... on level 7 of the Dungeon.
             The game lasted 00:08:04 (6531 turns).

zishaf the Skirmisher (Mummy Necromancer)           Turns: 6531, Time: 00:08:05

Health: 0/67       AC: 27    Str: 17    XL:     8   Next: 71%
Magic:  14/14      EV:  7    Int: 17    God:    Wu Jian [***...]
Gold:   263        SH:  0    Dex: 12    Spells: 10/15 levels left

rFire   x . .      SeeInvis .   a - +2 whip (elec)
rCold   + . .      Faith    .   (no shield)
rNeg    + + +      Spirit   .   l - +18 Lear's hauberk
rPois   ∞          Reflect  .   (helmet currently unavailable)
rElec   .          Harm     .   (no cloak)
rCorr   .          Rampage  .   (gloves currently unavailable)
Will    ++...                   (boots currently unavailable)
Stlth   ..........              (no amulet)
HPRegen 0.21/turn               h - +6 ring of strength
MPRegen 0.14/turn               i - ring of willpower

@: no status effects
A: cold resistance 1, negative energy resistance 3, torment resistance 2, heat
vulnerability 1, in touch with death 1, no potions
a: Renounce Religion, Wall Jump, Serpent's Lash


You were on level 7 of the Dungeon.
You worshipped Wu Jian.
Wu Jian was most pleased with you.
You visited 1 branch of the dungeon, and saw 8 of its levels.

You collected 263 gold pieces.

Inventory:

Hand Weapons
 a - a +2 whip of electrocution (weapon)
 b - the +6 trident of Extinguishment {drain, Int+3}
   (You found it on level 7 of the Dungeon)

   A truly terrible weapon, it drains the life of any living foe it strikes.
   Int:       It affects your intelligence (+3).
 k - a +0 dagger of electrocution
 q - a +0 war axe
Armour
 c - a +1 helmet
 d - a +0 robe
 l - the +18 Lear's hauberk (worn)
   (You took it off a goblin on level 4 of the Dungeon)
Jewellery
 h - a +6 ring of strength (left hand)
 i - a ring of willpower (right hand)
 m - a ring of fire
 o - a ring of willpower
 t - a ring of magical power
Wands
 r - a wand of acid (5)
 s - a wand of digging (6)
Scrolls
 e - a scroll of blinking {unknown}
 f - a scroll of identify
 g - a scroll of fog
 j - 3 scrolls of teleportation
 n - a scroll of immolation
 p - 2 scrolls of enchant armour


   Skills:
 + Level 7.1 Fighting
 - Level 0.8 Short Blades
 + Level 2.6 Polearms
 + Level 4.9 Armour
 - Level 1.6 Dodging
 - Level 1.6 Stealth
 - Level 4.0 Spellcasting
 - Level 1.1 Summonings
 - Level 5.0 Necromancy


You had 10 spell levels left.
You knew the following spells:

 Your Spells              Type           Power      Damage    Failure   Level
a - Pain                  Necr           100%       1d9       26%         1
b - Vampiric Draining     Necr           30%        2d8       63%         3
d - Summon Small Mammal   Summ           28%        N/A       78%         1

Your spell library contained the following spells:

 Spells                   Type           Power      Damage    Failure   Level
 Animate Skeleton         Necr           60%        N/A       26%         1
 Apportation              Tloc           6%         N/A       91%         1
 Foxfire                  Conj/Fire      12%        2x1d4     91%         1
 Animate Dead             Necr           15%        N/A       95%         4
 Conjure Flame            Conj/Fire      3%         6-21      99%         3
 Frozen Ramparts          Ice            6%         1d2       99%         3
 Inner Flame              Hex/Fire       3%         N/A       99%         3
 Flame Wave               Conj/Fire      3%         2d4       100%        4
 Summon Ice Beast         Ice/Summ       5%         N/A       100%        4
 Agony                    Necr           30%        N/A       100%        5
 Ice Form                 Ice/Tmut       Unusable   N/A       N/A         4

Dungeon Overview and Level Annotations

Branches:
Dungeon (8/15)             Temple (0/1) D:4
   Lair: D:8-11

Altars:
Wu Jian

Shops:
D:7 *


Innate Abilities, Weirdness & Mutations

You are immune to poison.
Your flesh is cold resistant. (rC+)
You are immune to negative energy. (rN+++)
You are immune to unholy pain and torment.
You are vulnerable to heat. (rF-)
You are in touch with the powers of death.
You do not drink.


Message History

The orc priest is almost dead.
The orc priest hits you but does no damage.
The orc wizard barely misses you.
The orc priest begins to cast a cantrip, but forgets the words!
You closely miss the orc priest.
The orc priest is almost dead.
The orc priest closely misses you. The orc wizard completely misses you.
The orc priest mumbles some strange prayers to Beogh against you.
Beogh smites you!
* * * LOW HITPOINT WARNING * * *
Unknown command.
You hit the orc priest.
You kill the orc priest!
The Council accepts your kill.
The orc priest calls upon Beogh to heal the orc wizard.
The orc wizard's wounds heal themselves!
The orc wizard hits you but does no damage.
Unknown command.
You hit the orc priest but do no damage.
The orc priest hits you but does no damage.
The orc wizard barely misses you.
You barely miss the orc priest.
The orc priest hits you but does no damage.
The orc wizard hits you but does no damage.
You closely miss the orc priest. The orc priest barely misses you.
The orc wizard points at you and mumbles some strange words.
The magic dart hits you but does no damage.
The orc priest hits you but does no damage.
The orc wizard hits you but does no damage.
You barely miss the orc priest.
The orc priest hits you with a +0 dagger.
* * * LOW HITPOINT WARNING * * *
The orc wizard gestures at you while chanting.
The magic dart hits you but does no damage.
You hit the orc priest.
Lightning courses through the orc priest!
The orc priest is severely wounded.
The orc priest invokes the aid of Beogh against you.
Beogh smites you!
You die...

#.# #.# #.#
#.# #+# #.#
#.# ## #(#
##.##.#
.####...#.#
+
........).#
#
......o@#.#
.#####o)#.#
##.#.#
....# #.###
#.# ..# ###


You could see an orc priest and an orc wizard.

Vanquished Creatures
  Prince Ribbit (D:6)
  3 water moccasins (D:7)
  A black bear (D:4)
  A kobold brigand (D:7)
  A necrophage (D:5)
  2 scorpions
  4 wights (D:7)
  7 hounds
  A jelly (D:6)
  A gnoll shaman (D:5)
  3 orc priests
  An orc wizard (D:5)
  5 gnolls (D:5)
  6 adders
  A shadow imp (D:7)
  2 white imps
  2 worms
  4 dart slugs
  28 orcs
  6 bats
  7 endoplasms
  4 giant cockroaches
  4 goblins
  11 hobgoblins
  6 jackals
  12 kobolds
  6 quokkas
  6 ball pythons
  5 frilled lizards
  2 rats
143 creatures vanquished.

Vanquished Creatures (others)
  2 plants (D:1)
2 creatures vanquished.

Grand Total: 145 creatures vanquished

Notes
Turn   | Place    | Note
-------+----------+-------------------------------------------
     0 | D:1      | zishaf the Mummy Necromancer began the quest for the Orb.
     0 | D:1      | Reached XP level 1. HP: 13/13 MP: 4/4
   244 | D:1      | Reached XP level 2. HP: 15/20 MP: 6/6
   502 | D:1      | Found a faded altar of an unknown god.
   519 | D:1      | Prayed at the altar of an unknown god.
   519 | D:1      | Became a worshipper of the Wu Jian Council
   519 | D:1      | Reached * piety under Wu Jian
   622 | D:1      | Reached skill level 1 in Fighting
  1357 | D:1      | Gained mutation: You are in touch with the powers of death.
                  | [Mummy growth]
  1357 | D:1      | Reached XP level 3. HP: 26/26 MP: 7/7
  1588 | D:2      | Learned a level 3 spell: Vampiric Draining
  2030 | D:2      | Reached skill level 2 in Fighting
  2073 | D:2      | Reached XP level 4. HP: 30/33 MP: 9/9
  2221 | D:2      | Reached ** piety under Wu Jian
  2853 | D:3      | Learned a level 4 spell: Animate Dead
  2855 | D:3      | Learned a level 1 spell: Summon Small Mammal
  3549 | D:3      | Reached XP level 5. HP: 38/39 MP: 11/11
  3869 | D:4      | Reached skill level 3 in Fighting
  3869 | D:4      | Reached skill level 1 in Summonings
  3870 | D:4      | Reached skill level 5 in Necromancy
  4074 | D:4      | Reached *** piety under Wu Jian
  4290 | D:4      | Reached XP level 6. HP: 45/47 MP: 12/12
  4392 | D:4      | Reached skill level 4 in Fighting
  4392 | D:4      | Reached skill level 1 in Armour
  4437 | D:4      | Found a staircase to the Ecumenical Temple.
  4666 | D:5      | Entered Level 5 of the Dungeon
  4859 | D:5      | Reached XP level 7. HP: 54/55 MP: 13/13
  5085 | D:5      | Reached skill level 5 in Fighting
  5562 | D:6      | Noticed Prince Ribbit
  5584 | D:6      | Killed Prince Ribbit
  5759 | D:6      | Reached skill level 6 in Fighting
  5759 | D:6      | Reached XP level 8. HP: 64/64 MP: 14/14
  5872 | D:6      | You fall into a shaft and drop 2 floors!
  5940 | D:7      | Identified the +6 trident of Extinguishment {drain, Int+3}
  5949 | D:7      | Found Ytikug's Assorted Antiques.
  6134 | D:7      | Reached skill level 1 in Polearms
  6254 | D:7      | Reached skill level 7 in Fighting
  6531 | D:7      | Killed from afar by an orc priest

Illustrated notes

Levels and vault maps discovered:
D:1:      kennysheep_arrival_seaside, layout_basic, serial_bayou,
          serial_bayou_shore_b, serial_bayou_pond_b, serial_bayou_pond_e,
          serial_bayou_shore_b, serial_bayou_pond_c,
          ebering_ecumenical_altar_webs
D:2:      layout_basic
D:3:      layout_basic
D:4:      cheibrodos_old_hovel, layout_loops_ring, temple_pool_b,
          kennysheep_crisscross, st_stairs_6
D:5:      layout_rooms, kennysheep_nub, glass_columns_a, cheibrodos_gnoll_hut
D:6:      layout_gridville, eino_curves_02, kennysheep_nondescript,
          uniq_prince_ribbit1
D:7:      layout_loops_corners, serial_shops, nicolae_shop_advertising_works
          [nicolae_subvault_shop_adworks]
D:8:      kennysheep_six_static_rooms, layout_basic, serial_shops,
          nicolae_stop_n_shop_2, nicolae_shop_statue_plus

Skill      XL: |  1  2  3  4  5  6  7  8 |
---------------+-------------------------+-----
Spellcasting   | 3 4 |  4.0
Fighting       | 1 2 3 4 6 7 |  7.1
Summonings     | 1 |  1.1
Necromancy     | 5 |  5.0
Armour         | 2 3 4 |  4.9
Polearms       | 2 |  2.6
Short Blades   | |  0.8
Dodging        | |  1.6
Stealth        | |  1.6

Action                   |  1- 3 |  4- 6 |  7- 9 || total
-------------------------+-------+-------+-------++-------
Melee: War axe           |    44 |       |       ||    44
       Whip              |    71 |   208 |   191 ||   470
       Punch             |       |     5 |     1 ||     6
       Dagger            |       |    38 |       ||    38
 Cast: Pain              |     2 |       |       ||     2
Invok: Lunge             |     6 |    14 |    10 ||    30
       Whirlwind         |       |     3 |     1 ||     4
  Use: Scroll            |       |       |     6 ||     6
 Stab: Sleeping          |     3 |     5 |       ||     8
Armor: Robe              |    28 |    19 |       ||    47
       Chain mail        |       |   107 |   170 ||   277
Dodge: Dodged            |    83 |   123 |    72 ||   278

Table legend: (Time is in decaauts)
 A = Elapsed time spent in this place.
 B = Non-inter-level travel time spent in this place.
 C = Inter-level travel time spent in this place.
 D = Time resting spent in this place.
 E = Time spent auto-exploring this place.
 F = Levels seen in this place.
 G = Mean time per level.
                   A        B        C        D        E       F      G
               +--------+--------+--------+--------+--------+-----+--------+
         Total |   6610 |   6431 |    179 |      0 |   5232 |   8 |  826.2 |
       Dungeon |   6610 |   6431 |    179 |      0 |   5232 |   8 |  826.2 |
               +--------+--------+--------+--------+--------+-----+--------+

Top non-repeatable levels by time:
     D:1: 1611 daAuts
     D:3: 1544 daAuts
     D:4: 843 daAuts
     D:5: 733 daAuts
     D:2: 723 daAuts
     D:7: 616 daAuts
     D:6: 486 daAuts
     D:8: 50 daAuts
